 Dungeon Crawl Stone Soup version 0.25.1-2-g60ff931df9 (webtiles) character file.

Game seed: 12790267389949976499

13612 DogServant the Carver (level 12, 0/98 HPs)
             Began as a Merfolk Gladiator on Nov 8, 2020.
             Was an Elder of Makhleb.
             Succumbed to a black mamba's poison
             ... on level 1 of the Lair of Beasts.
             The game lasted 00:18:44 (14337 turns).

DogServant the Carver (Merfolk Gladiator)          Turns: 14337, Time: 00:18:45

Health: 0/98       AC:  9    Str: 18    XL:     12   Next: 7%
Magic:  18/18      EV: 21    Int:  8    God:    Makhleb [****..]
Gold:   388        SH:  8    Dex: 22    Spells: 9/11 levels left

rFire    . . .     SeeInvis +   a - +1 long sword
rCold    . . .     Gourm    .   j - +2 buckler of Liberalism {SInv}
rNeg     . . .     Faith    .   u - +3 leather armour {rPois}
rPois    +         Spirit   .   (no helmet)
rElec    .         Reflect  .   w - +0 cloak
rCorr    .         Harm     .   (no gloves)
MR       .....                  (no boots)
Stlth    ++........             B - amulet of the acrobat
HPRegen  0.26/turn              v - +4 ring of protection
MPRegen  0.16/turn              p - +6 ring of dexterity

@: lethally poisoned (0 -> -16)
A: change form in water, swift swim, stealthy swim, blink, deformed body, poison
resistance
a: Blink, Minor Destruction, Lesser Servant of Makhleb, Major Destruction,
Renounce Religion


You were on level 1 of the Lair of Beasts.
You worshipped Makhleb.
Makhleb was greatly pleased with you.
You were not hungry.

You visited 3 branches of the dungeon, and saw 14 of its levels.

You collected 572 gold pieces.
You spent 184 gold pieces at shops.

Inventory:

Hand Weapons
 a - a +1 long sword (weapon)
Missiles
 i - 100 poisoned darts (quivered)
 x - 7 javelins
Armour
 c - a +0 helmet
 j - the +2 buckler of Liberalism (worn) {SInv}
   (You found it on level 6 of the Dungeon)

   It lets you see invisible.
 u - a +3 leather armour of poison resistance (worn)
 w - a +0 cloak (worn)
 z - a +3 chain mail
Jewellery
 m - an uncursed ring of protection from magic
 p - a +6 ring of dexterity (right hand)
 v - a +4 ring of protection (left hand)
 B - an amulet of the acrobat (around neck)
 I - an uncursed ring of flight {unknown}
Wands
 e - a wand of iceblast (2)
 C - a wand of disintegration (19)
 K - a wand of polymorph (6)
 L - a wand of random effects (16)
Scrolls
 b - 5 scrolls of enchant armour
 d - 3 scrolls of amnesia
 g - 9 scrolls of remove curse
 h - a scroll of random uselessness
 n - 6 scrolls of teleportation
 o - 4 scrolls of fear
 q - a scroll of fog
 r - a scroll of immolation
 E - 6 scrolls of identify
 G - a scroll of torment
 M - 2 scrolls of magic mapping
Potions
 k - a potion of magic
 l - a potion of haste
 s - 5 potions of curing
 t - a potion of brilliance
 A - 6 potions of might
 D - 2 potions of stabbing {unknown}
 J - a potion of berserk rage {unknown}
 N - a potion of heal wounds
Comestibles
 f - 17 rations


   Skills:
 - Level 10.4 Fighting
 + Level 13.1 Long Blades
 - Level 2.1 Throwing
 + Level 2.1 Armour
 - Level 10.5 Dodging
 - Level 4.0 Shields
 - Level 8.0 Invocations


You had 9 spell levels left.
You knew the following spells:

 Your Spells              Type           Power        Failure   Level  Hunger
a - Blink                 Tloc           N/A          61%         2    ###....

Your spell library contained the following spells:

 Spells                   Type           Power        Failure   Level  Hunger
 Freeze                   Ice            #...         45%         1    ##.....
 Magic Dart               Conj           #...         45%         1    ##.....
 Sting                    Tmut/Pois      #...         45%         1    ##.....
 Call Imp                 Summ           #.......     61%         2    ###....
 Poisonous Vapours        Pois/Air       #.....       61%         2    ###....
 Slow                     Hex            #.......     61%         2    ###....
 Conjure Flame            Conj/Fire      #.......     83%         3    ####...
 Frozen Ramparts          Ice            #.....       83%         3    ####...
 Ignite Poison            Fire/Tmut/Pois #.......     83%         3    ####...
 Mephitic Cloud           Conj/Pois/Air  #.......     83%         3    ####...
 Ozocubu's Armour         Chrm/Ice       #.......     83%         3    ####...
 Hailstorm                Conj/Ice       #.......     99%         4    #####..
 Olgreb's Toxic Radiance  Pois           #.......     99%         4    #####..
 Summon Ice Beast         Ice/Summ       #.......     99%         4    #####..


Dungeon Overview and Level Annotations

Branches:
Dungeon (12/15)            Temple (1/1) D:6            Lair (1/6) D:8
    Orc (0/2) D:10

Altars:
Ashenzari
Cheibriados
Dithmenos
Elyvilon
Fedhas
Gozag
Hepliaklqana
Kikubaaqudgha
Makhleb
Nemelex Xobeh
Okawaru
Qazlal
Ru
Sif Muna
Trog
Uskayaw
Vehumet
Wu Jian
Xom
Yredelemnul
Zin
The Shining One

Shops:
D:5 (   D:7 *   D:10 *

Annotations:
D:5 Prince Ribbit
D:6 3 runed translucent doors, MilkNation's ghost, novice MiGl
D:7 2 transporters
D:8 1 runed translucent door, Drachen's ghost, novice DgGl


Innate Abilities, Weirdness & Mutations

You revert to your normal form in water.
You are very nimble and swift while swimming.
You are very stealthy in the water. (Stealth+)
You can translocate small distances at will.
Armour fits poorly on your strangely shaped body.
Your system is resistant to poisons. (rPois)


Message History

You feel sick. You block the black mamba's attack.
You hit the black mamba.
The black mamba is severely wounded.
The black mamba bites you!
* * * LOW HITPOINT WARNING * * *
You are more poisoned.
The black mamba poisons you!
You slash the black mamba!
The black mamba is almost dead.
* * * LOW HITPOINT WARNING * * *
You feel sick. You block the black mamba's attack. The black mamba misses you.
You hit the black mamba.
The black mamba is almost dead.
You feel sick. The black mamba bites you!
* * * LOW HITPOINT WARNING * * *
You slash the black mamba!
You kill the black mamba!
Makhleb accepts your kill.
Your Armour skill increases to level 2!
You die...

,^..,,,*,,,*,**,,,,,,,,,,,,,,,,,,
##.#,***,,,***#.........,,,,,,,,,
...#** *,,,**##..........,,,,,,,,
#..# #....,,...........,,,,≈≈,≈
...#####...#**#..........,,,≈,≈≈≈
#..##.#....# #..........,,,,≈≈*≈
#..........####..........,,≈≈≈≈≈,
.<.........##.#.......(..,,≈≈≈,≈≈
...####.......(.@†.......,,,≈≈≈,,
..## #......##..........,,,*,,,,
..# #.?..####..........,,,,,,,,
..# ###....####....!.....,,,*,,,,
.## #.........†..........,,,,,,,*
.#* #.........†..........,,,,,,,,
..###....................,,,,,,≈,
....#....................,***≈≈≈≈
##..#....................**,**≈≈*


There were no monsters in sight!

Vanquished Creatures
  Harold (D:6)
  A hydra (Lair:1)
  A two-headed ogre (D:10)
  2 manticores
  A black mamba (Lair:1)
  A gargoyle (D:10)
  Joseph (D:8)
  Psyche (D:11)
  A centaur skeleton (D:11)
  A komodo dragon (D:11)
  2 spiny frogs
  A tengu conjurer (D:9)
  5 trolls
  5 hippogriffs
  2 vampires
  4 hogs (D:7)
  A human (D:7)
  A vampire mosquito (D:10)
  A hungry ghost (D:10)
  A soldier ant (D:11)
  2 wargs (D:8)
  A water moccasin (D:10)
  2 ice beasts
  A phantom (D:4)
  4 ogres
  4 orc warriors
  2 black bears
  2 wolves (Lair:1)
  9 centaurs
  A big kobold (D:10)
  3 bullfrogs
  2 scorpions
  4 killer bees (D:11)
  A wight (D:10)
  6 crimson imps
  A bullfrog zombie (D:10)
  A centaur zombie (D:10)
  8 hounds
  4 jellies
  2 bullfrog skeletons
  2 orc priests
  6 iguanas
  5 orc wizards
  9 worker ants
  A killer bee zombie (D:7)
  A worker ant zombie (D:6)
  13 adders
  12 gnolls
  A shadow imp (D:9)
  An ooze (D:4)
  2 adder zombies
  An adder skeleton (D:9)
  4 worms
  A dart slug (D:1)
  4 leopard geckos
  33 orcs
  10 bats
  3 giant cockroaches (D:1)
  5 hobgoblins
  8 jackals
  5 quokkas
  10 frilled lizards
  4 goblins
  A jackal skeleton (D:5)
  17 kobolds
  9 rats
262 creatures vanquished.

Vanquished Creatures (collateral kills)
  A gargoyle (D:12)
  An ogre (D:12)
  A wyvern zombie (D:12)
  A scorpion (D:12)
  A kobold (D:12)
5 creatures vanquished.

Vanquished Creatures (others)
  3 fungi (D:8)
  4 plants
7 creatures vanquished.

Grand Total: 274 creatures vanquished

Notes
Turn   | Place    | Note
-------+----------+-------------------------------------------
     0 | D:1      | DogServant the Merfolk Gladiator began the quest for the
                  | Orb.
     0 | D:1      | Reached XP level 1. HP: 16/16 MP: 1/1
   376 | D:1      | Reached XP level 2. HP: 22/22 MP: 2/2
   760 | D:1      | You fall into a shaft and drop 1 floor!
  1004 | D:2      | Found a sparkling altar of Nemelex Xobeh.
  1009 | D:2      | Reached XP level 3. HP: 28/28 MP: 3/3
  1193 | D:2      | Reached skill level 4 in Long Blades
  1672 | D:3      | Reached XP level 4. HP: 35/35 MP: 4/4
  1709 | D:3      | Reached skill level 5 in Dodging
  1976 | D:3      | Reached skill level 5 in Long Blades
  1976 | D:3      | Reached XP level 5. HP: 37/41 MP: 5/5
  2298 | D:3      | Found a glowing golden altar of the Shining One.
  3235 | D:4      | Reached XP level 6. HP: 5/47 MP: 6/6
  3563 | D:4      | Reached skill level 6 in Long Blades
  3580 | D:4      | Noticed a phantom
  3612 | D:4      | Killed a phantom
  3813 | D:4      | Reached skill level 7 in Long Blades
  3813 | D:4      | Reached XP level 7. HP: 20/52 MP: 7/7
  4274 | D:5      | Entered Level 5 of the Dungeon
  4285 | D:5      | Found Reonad's Antique Weapon Emporium.
  5628 | D:5      | Noticed Prince Ribbit
  6502 | D:6      | Found a runed translucent gate.
  6502 | D:6      | Found a runed translucent gate.
  6502 | D:6      | Found a runed translucent gate.
  6503 | D:6      | Noticed MilkNation's ghost (novice MiGl)
  6522 | D:6      | Reached skill level 8 in Long Blades
  6790 | D:6      | Reached XP level 8. HP: 38/58 MP: 8/8
  6839 | D:6      | Gained mutation: Your muscles are strong. (Str +2) [potion
                  | of mutation]
  6839 | D:6      | Gained mutation: You are partially covered in yellow
                  | scales. (AC +2) [potion of mutation]
  6839 | D:6      | Gained mutation: Your flesh is cold resistant. (rC+)
                  | [potion of mutation]
  6989 | D:6      | Found a shadowy altar of Dithmenos.
  7077 | D:6      | Found a staircase to the Ecumenical Temple.
  7270 | Temple   | Entered the Ecumenical Temple
  7358 | Temple   | Became a worshipper of Makhleb the Destroyer
  7552 | D:6      | Got a warped buckler
  7558 | D:6      | Identified the +2 buckler of Liberalism {SInv} (You found
                  | it on level 6 of the Dungeon)
  7679 | D:7      | Noticed a hippogriff
  7694 | D:7      | Killed a hippogriff
  7694 | D:7      | Reached skill level 9 in Long Blades
  7694 | D:7      | Reached skill level 1 in Shields
  7888 | D:7      | Found a transporter.
  7915 | D:7      | Found a shimmering altar of Xom.
  7956 | D:7      | Found a transporter.
  8005 | D:7      | Reached skill level 5 in Fighting
  8037 | D:7      | Noticed Harold
  8062 | D:7      | Reached XP level 9. HP: 51/69 MP: 9/9
  8194 | D:6      | Killed Harold
  8554 | D:7      | Reached skill level 10 in Fighting
  8556 | D:7      | Reached * piety under Makhleb
  8626 | D:7      | Found Zin's Purification Station.
  8630 | D:7      | Found a glowing silver altar of Zin.
  8880 | D:8      | Reached XP level 10. HP: 86/86 MP: 10/10
  9012 | D:8      | Found a staircase to the Lair.
  9324 | D:8      | Found a runed translucent door.
  9324 | D:8      | Identified the +4 trident "Aguafets" {drain, +Rage rC+ MR-}
  9342 | D:8      | Found an opulent altar of Gozag.
  9344 | D:8      | Found a glowing golden altar of the Shining One.
  9387 | D:8      | Noticed Joseph
  9406 | D:8      | Killed Joseph
  9747 | D:8      | Noticed Drachen's ghost (novice DgGl)
 10098 | D:9      | Reached skill level 10 in Long Blades
 10522 | D:9      | Reached ** piety under Makhleb
 10522 | D:9      | Reached skill level 10 in Dodging
 10982 | D:10     | Entered Level 10 of the Dungeon
 10995 | D:10     | Learned a level 2 spell: Blink
 11092 | D:10     | Reached skill level 1 in Invocations
 11348 | D:10     | Noticed a manticore
 11381 | D:10     | Killed a manticore
 11381 | D:10     | Reached skill level 11 in Long Blades
 11381 | D:10     | Reached XP level 11. HP: 52/92 MP: 11/13
 11591 | D:10     | Found a staircase to the Orcish Mines.
 11830 | D:10     | Reached *** piety under Makhleb
 11882 | D:10     | Noticed a two-headed ogre
 11890 | D:10     | Killed a two-headed ogre
 11890 | D:10     | Reached skill level 5 in Invocations
 12116 | D:10     | Found Qamoip's Assorted Antiques.
 12119 | D:10     | Bought a potion of mutation for 184 gold pieces
 12119 | D:10     | Lost mutation: Your muscles are strong. (Str +2) [potion of
                  | mutation]
 12119 | D:10     | Lost mutation: You are partially covered in yellow scales.
                  | (AC +2) [potion of mutation]
 12119 | D:10     | Gained mutation: You tend to lose your temper in combat.
                  | [potion of mutation]
 12119 | D:10     | Gained mutation: You are agile. (Dex +2) [potion of
                  | mutation]
 12120 | D:10     | Lost mutation: You tend to lose your temper in combat.
                  | [potion of mutation]
 12120 | D:10     | Lost mutation: You are agile. (Dex +2) [potion of mutation]
 12120 | D:10     | Gained mutation: You can translocate small distances at
                  | will. [potion of mutation]
 12120 | D:10     | Gained mutation: You have a pair of small antennae on your
                  | head. [potion of mutation]
 12121 | D:10     | Lost mutation: Your flesh is cold resistant. (rC+) [potion
                  | of mutation]
 12121 | D:10     | Lost mutation: You have a pair of small antennae on your
                  | head. [potion of mutation]
 12121 | D:10     | Gained mutation: Armour fits poorly on your strangely
                  | shaped body. [potion of mutation]
 12121 | D:10     | Gained mutation: Your system is resistant to poisons.
                  | (rPois) [potion of mutation]
 12273 | D:11     | Noticed Psyche
 12291 | D:11     | Killed Psyche
 12377 | D:11     | Reached skill level 12 in Long Blades
 12974 | D:11     | Noticed a manticore
 12990 | D:11     | Killed a manticore
 13377 | D:12     | Noticed a seven-headed hydra
 13414 | D:12     | Noticed an unseen horror
 13414 | D:12     | Noticed a cyclops
 13416 | D:12     | Reached **** piety under Makhleb
 13612 | Lair:1   | Entered Level 1 of the Lair of Beasts
 13612 | Lair:1   | Noticed a seven-headed hydra
 13619 | Lair:1   | Killed a seven-headed hydra
 13619 | Lair:1   | Reached skill level 1 in Armour
 14196 | Lair:1   | Reached XP level 12. HP: 79/98 MP: 18/18
 14204 | Lair:1   | Reached skill level 13 in Long Blades
 14336 | Lair:1   | HP: 2/98 [black mamba (16)]
 14337 | Lair:1   | Succumbed to a black mamba's poison

Illustrated notes

Levels and vault maps discovered:
D:1:      ncdulo_halloftheorcs, layout_basic
D:2:      layout_basic, overflow_temple_1_default
D:3:      layout_loops_ring, serial_co_window_serial, co_window_corner_a,
          co_window_of_opportunity_a, co_window_paths_a, co_window_paths_a,
          co_window_corner_a, co_window_of_opportunity_c, co_window_cross_4,
          co_window_of_opportunity_c, co_window_corner_cb, co_window_2corner,
          co_window_of_opportunity_b, co_window_4corner_b, glass_columns_a,
          glass_columns_b, glass_columns_b, glass_columns_c, glass_columns_a,
          tso_altar
D:4:      minmay_chambers_of_twos, layout_basic
D:5:      layout_basic, serial_shops, shop, first_ration, uniq_prince_ribbit1
D:6:      layout_loops_ring, nicolae_dithmenos_the_darkroom, temple_pool_b,
          ebering_ghost_rock_garden, kennysheep_generic_room_16
D:7:      gammafunk_steamed_eel, layout_rooms, nicolae_overflow_crystal_walls,
          zin_purify, grunt_livestock, uniq_harold
D:8:      layout_basic, chequers_temple_overflow_statue_of_worship,
          erik_lair_orcish_takeover, ebering_ghost_funeral_grove,
          minmay_starry_boxes, uniq_joseph
D:9:      layout_basic, nrook_uturn, kb_rosetta
D:10:     minmay_blocky_corners, layout_loops_ring, david_orc_2, serial_shops,
          kennysheep_mini_moat
D:11:     layout_roguey, uniq_psyche
D:12:     layout_gridville, serial_shops, shop, ebering_dispersal_statue_hall,
          moated_statue, minmay_fractal_squares_diagonal_5, uniq_azrael,
          uniq_gastronok, uniq_rupert
Temple:   compressed_dpeg_circular_temple
Lair:1:   beast_lair_carwin_large_2, layout_gridlike, wad_woods_06,
          serial_bayou_lagoon_a, hibernation_bobbens

Skill      XL: |  1  2  3  4  5  6  7  8  9 10 11 12 |
---------------+-------------------------------------+-----
Long Blades    | 4 5 7 8 9 11 12 13 | 13.1
Fighting       | 3 5 10 | 10.4
Dodging        | 5 6 7 8 10 | 10.5
Shields        | 3 4 |  4.0
Invocations    | 3 8 |  8.0
Armour         | 1 2 |  2.1
Throwing       | |  2.1

Action                   |  1- 3 |  4- 6 |  7- 9 | 10-12 || total
-------------------------+-------+-------+-------+-------++-------
Melee: Long sword        |   111 |   168 |   322 |   630 ||  1231
Throw: Throwing net      |       |     4 |       |     5 ||     9
       Javelin           |       |     5 |    10 |     8 ||    23
       Dart              |       |       |    10 |     6 ||    16
Invok: Minor Destruction |       |       |       |     3 ||     3
       Major Destruction |       |       |       |     3 ||     3
       Lesser Servant of |       |       |       |     1 ||     1
Evoke: Wand              |       |       |     1 |     4 ||     5
  Use: Scroll            |     4 |       |    13 |     5 ||    22
       Potion            |       |       |     2 |     6 ||     8
 Stab: Sleeping          |     1 |     2 |     3 |     3 ||     9
       Held in net/web   |       |     3 |       |     6 ||     9
  Eat: Chunk             |     3 |     7 |     6 |    15 ||    31
       Ration            |       |       |     3 |     1 ||     4
Armor: Leather armour    |     9 |    33 |    70 |    89 ||   201
       Ring mail         |    31 |       |       |       ||    31
       Skin              |       |       |       |    10 ||    10
Dodge: Dodged            |    90 |   123 |   239 |   577 ||  1029
Block: Buckler           |       |       |    57 |   316 ||   373
       Rpst.: Long sword |    25 |    47 |    55 |   113 ||   240
